Map: Dasan Station LE

Players

Ieatkoreans - Winner!

  • Race: Protoss Protoss
  • League: Gold
  • Spawn Location: 6:00

Fropez

  • Race: Protoss Protoss
  • League: Gold
  • Spawn Location: 12:00

VOD

Have the link to the VOD?

Description

Time

  • Played on: Aug. 5, 2016, 12:42 p.m.
  • Length: 3:12
Show
View Real Time Build Order
Export as new Build Order

Ieatkoreans Protoss - Winner!

Build Orders:  

Get SALT Encoding   

  12  0:01  Probe (Chrono Boost)  
  13  0:12  Probe (Chrono Boost)  
  14  0:20  Pylon  
  14  0:24  Probe (Chrono Boost)  
  15  0:38  Probe (Chrono Boost)  
  15  0:41  Gateway  
  16  0:49  Probe (Chrono Boost), Assimilator  
  17  0:59  Pylon  
  17  1:04  Probe (Chrono Boost)  
  18  1:14  Probe (Chrono Boost)  
  19  1:20  Gateway  
  19  1:29  Cybernetics Core  
  19  1:31  Zealot (Chrono Boost)  
  21  1:36  Probe  
  22  1:41  Assimilator  
  22  1:49  Pylon  
  22  1:57  Probe, Zealot (Chrono Boost)  
  27  2:11  Zealot (Chrono Boost)  
  27  2:20  Probe  
  28  2:27  Adept (Chrono Boost)  
  30  2:32  Probe  
Show
View Real Time Build Order
Export as new Build Order

Fropez Protoss 

Build Orders:  

Get SALT Encoding   

  12  0:05  Probe (Chrono Boost)  
  13  0:17  Pylon, Probe (Chrono Boost)  
  14  0:28  Probe (Chrono Boost)  
  15  0:36  Pylon  
  15  0:38  Probe (Chrono Boost)  
  16  0:46  Gateway  
  16  0:50  Probe (Chrono Boost)  
  16  0:56  Assimilator  
  17  1:01  Probe (Chrono Boost)  
  18  1:11  Probe (Chrono Boost)  
  19  1:24  Gateway  
  19  1:28  Pylon  
  19  1:29  Probe (Chrono Boost)  
  20  1:40  Cybernetics Core  
  20  1:45  Pylon  
  21  1:47  Probe (Chrono Boost)  
  21  1:57  Probe (Chrono Boost)  
  22  2:18  Probe  
  23  2:30  Probe  
  23  2:31  Pylon  
  24  2:41  Assimilator  
  24  2:42  Probe  
  25  2:53  Nexus  
Tags
 
League
GoldGold
Matchup
PvP
Replay Pack
All Mines
Spawn Locations
Cross Positions
Add a new tag
Caveats
  • Supply blocks, unpowered buildings, or Contaminate may cause inaccurate times.
  • Supply counts are checked every 10 seconds.